Map: Central Protocol

Players

TrollToll

  • Race: Terran Terran
  • League: Silver

juhyg - Winner!

  • Race: Zerg Zerg
  • League: Bronze

VOD

Have the link to the VOD?

Description

Time

  • Played on: Feb. 7, 2016, 10:43 p.m.
  • Length: 4:25
Show
View Real Time Build Order
Export as new Build Order

TrollToll Terran 

Build Orders:  

Get SALT Encoding   

  12  0:01  SCV  
  13  0:14  SCV  
  14  0:23  Supply Depot  
  14  0:26  SCV  
  15  0:44  SCV  
  15  0:47  Barracks  
  16  0:57  Refinery, SCV  
  17  1:02  Refinery  
  17  1:08  Supply Depot  
  17  1:09  SCV  
  18  1:41  Barracks  
  18  1:43  Barracks  
  18  1:47  Marine  
  19  1:56  Orbital Command  
  19  2:13  Marine  
  20  2:25  SCV  
  21  2:31  Marine  
  21  2:32  Marine x2  
  21  2:37  SCV  
  25  2:47  Supply Depot  
  25  2:49  SCV  
  26  2:56  Engineering Bay  
  26  3:01  SCV  
  27  3:27  Command Center  
  27  3:30  SCV  
  28  3:35  Barracks Tech Lab  
  28  3:36  Barracks Reactor  
  28  3:42  SCV  
  28  3:45  Barracks Tech Lab  
  29  3:54  Factory  
  29  4:03  Supply Depot  
Show
View Real Time Build Order
Export as new Build Order

juhyg Zerg - Winner!

Build Orders: Pool Only 

Get SALT Encoding   

  12  0:19  Spawning Pool  
  11  0:28  Drone x2  
  13  0:31  Drone  
  14  0:46  Extractor  
  14  0:47  Drone  
  14  1:16  Overlord  
  14  1:17  Overlord  
  14  1:34  Queen  
  16  1:51  Metabolic Boost  
  16  1:53  Zergling x2  
  17  1:54  Zergling x2  
  17  1:55  Zergling x2  
  19  2:06  Zergling x2  
  20  2:32  Drone x2  
  22  2:39  Baneling Nest  
  22  2:41  Zergling x2  
  22  2:46  Zergling x6  
  25  3:02  Zergling x4  
  27  3:15  Drone  
  27  3:17  Zergling x4  
  30  3:20  Overlord  
  30  3:28  Baneling x3  
  30  3:29  Baneling  
  30  3:30  Baneling  
  30  3:39  Zergling x4  
  32  3:48  Zergling x6  
Tags
 
Add a new tag
Caveats
  • Supply blocks, unpowered buildings, or Contaminate may cause inaccurate times.
  • Supply counts are checked every 10 seconds.